Map: 2000 Atmospheres LE

Players

Vanya

  • Race: Zerg Zerg

Lambo - Winner!

  • Race: Zerg Zerg

Event: DreamHack SC2 Masters 2021 Winter

VOD

Have the link to the VOD?

Description

Time

  • Played on: Oct. 2, 2021, 10:56 a.m.
  • Length: 8:06

All games in this series

Show
View Real Time Build Order
Export as new Build Order

Vanya Zerg 

Build Orders: Hatch First 

Get SALT Encoding   

  12  0:00  Drone  
  13  0:12  Overlord  
  13  0:17  Drone  
  14  0:30  Drone x2  
  16  0:47  Hatchery  
  15  0:51  Drone  
  15  0:54  Drone  
  17  0:57  Drone  
  18  1:08  Extractor  
  17  1:13  Spawning Pool  
  17  1:16  Drone  
  17  1:20  Drone  
  18  1:28  Drone  
  19  1:38  Drone  
  20  1:49  Drone  
  21  1:59  Queen x2  
  21  2:00  Zergling x2  
  21  2:01  Overlord  
  26  2:09  Metabolic Boost  
  26  2:10  Drone x2  
  28  2:21  Drone  
  28  2:22  Zergling x2  
  30  2:32  Hatchery  
  30  2:34  Drone  
  30  2:38  Drone  
  31  2:45  Queen  
  33  2:52  Baneling Nest  
  33  2:55  Overlord  
  33  2:58  Zergling x2  
  33  3:00  Drone  
  33  3:01  Drone  
  33  3:04  Drone  
  36  3:14  Drone  
  36  3:15  Zergling x6  
  40  3:20  Overlord  
  40  3:21  Drone  
  40  3:23  Drone  
  40  3:26  Drone x2  
  43  3:41  Evolution Chamber  
  43  3:42  Baneling  
  43  3:44  Drone x6  
  48  3:49  Drone  
  48  3:50  Drone  
  50  3:59  Overlord  
  50  4:00  Drone x3  
  50  4:02  Lair  
  53  4:06  Extractor  
  53  4:07  Zerg Melee Weapons Level 1, Extractor  
  51  4:15  Roach Warren  
  51  4:16  Drone  
  51  4:17  Drone x2  
  53  4:24  Drone x4  
  57  4:26  Drone x2  
  57  4:28  Drone  
  59  4:32  Overlord  
  59  4:33  Drone  
  59  4:34  Drone  
  59  4:37  Overlord  
  61  4:40  Baneling  
  61  4:45  Drone x4, Extractor  
  61  4:46  Drone  
  65  4:55  Drone  
  65  4:56  Drone  
  65  4:59  Drone, Extractor  
  67  5:00  Extractor  
  67  5:01  Spire  
  65  5:07  Zergling x8  
  65  5:08  Zergling x6  
  65  5:13  Overlord  
  72  5:18  Zergling x10  
  72  5:19  Overlord  
  77  5:24  Overlord  
  77  5:26  Drone x5  
  82  5:30  Baneling x4  
  82  5:36  Drone  
  82  5:44  Overlord  
  74  6:01  Spine Crawler  
  71  6:04  Zergling x6  
  72  6:12  Mutalisk x4  
  72  6:13  Mutalisk x5  
  90  6:19  Mutalisk  
  90  6:20  Zergling x10  
  90  6:21  Evolution Chamber  
  96  6:28  Overlord  
  96  6:31  Mutalisk  
  96  6:33  Zergling x2  
  96  6:35  Zergling x2  
  96  6:38  Overlord  
  96  6:39  Overlord  
  88  6:44  Mutalisk x3  
  76  6:47  Zergling x4  
  67  6:59  Spine Crawler  
  67  7:00  Spine Crawler, Mutalisk x2  
  57  7:01  Spine Crawler  
  57  7:02  Spine Crawler  
  52  7:11  Mutalisk  
  45  7:26  Drone  
  29  7:49  Drone x2  
Show
View Real Time Build Order
Export as new Build Order

Lambo Zerg - Winner!

Build Orders: Hatch First 

Get SALT Encoding   

  12  0:00  Drone  
  13  0:12  Overlord  
  13  0:16  Drone  
  14  0:30  Drone x2  
  16  0:47  Hatchery  
  15  0:50  Drone  
  15  0:54  Drone  
  15  0:56  Drone  
  18  1:07  Extractor  
  17  1:12  Spawning Pool  
  17  1:15  Drone  
  17  1:18  Drone  
  18  1:27  Drone  
  19  1:38  Drone  
  20  1:50  Drone  
  21  1:59  Zergling x2, Queen x2, Overlord  
  26  2:10  Drone  
  26  2:11  Drone, Metabolic Boost  
  28  2:21  Drone  
  28  2:22  Zergling x2  
  30  2:33  Drone  
  30  2:36  Hatchery  
  30  2:38  Zergling x2  
  30  2:42  Drone  
  32  2:46  Baneling Nest  
  31  2:53  Overlord  
  31  2:54  Drone  
  31  2:55  Drone  
  33  3:02  Queen  
  33  3:04  Drone  
  36  3:11  Drone x3  
  36  3:12  Zergling x2  
  40  3:17  Zergling x2  
  41  3:21  Drone  
  41  3:26  Overlord  
  42  3:28  Drone x2  
  42  3:34  Baneling  
  44  3:45  Drone x8  
  44  3:48  Evolution Chamber  
  51  3:50  Drone x2  
  51  3:53  Lair  
  53  3:57  Extractor  
  53  4:01  Drone  
  53  4:07  Roach Warren  
  53  4:08  Drone x3  
  55  4:10  Drone x2  
  55  4:16  Zerg Missile Weapons Level 1, Drone  
  58  4:18  Overlord  
  58  4:21  Extractor  
  58  4:23  Overlord  
  57  4:25  Overlord  
  57  4:28  Drone  
  58  4:34  Overlord  
  58  4:36  Drone x5  
  58  4:37  Drone  
  63  4:43  Drone  
  63  4:44  Drone x2  
  66  4:46  Drone x3  
  66  4:48  Drone  
  66  4:52  Glial Reconstitution  
  70  4:53  Overlord, Extractor  
  70  4:54  Extractor  
  67  5:04  Roach  
  67  5:05  Roach x4, Overlord  
  77  5:11  Overlord  
  77  5:22  Nydus Network  
  77  5:23  Roach x2  
  77  5:26  Roach x2  
  84  5:29  Queen  
  84  5:30  Queen x2  
  84  5:34  Roach x2  
  94  5:40  Roach x3  
  100  5:45  Baneling x2  
  100  5:48  Roach x4  
  108  5:51  Roach  
  108  5:54  Roach x2  
  111  6:00  Roach x2  
  111  6:07  Nydus Canal  
  111  6:08  Zergling x6  
  113  6:13  Overlord x2  
  113  6:26  Nydus Canal  
  110  6:33  Roach x8  
  110  6:37  Roach x2  
  110  6:39  Roach  
  129  6:46  Roach x3  
  122  6:52  Spore Crawler  
  119  6:58  Spore Crawler  
  119  7:00  Spore Crawler  
  114  7:21  Spore Crawler  
  114  7:22  Spore Crawler  
  101  7:23  Spore Crawler  
  93  7:30  Overlord  
  91  7:38  Overlord  
  91  7:42  Overlord  
  91  7:45  Spore Crawler  

Tags
 
Add a new tag
Caveats
  • Supply blocks, unpowered buildings, or Contaminate may cause inaccurate times.
  • Supply counts are checked every 10 seconds.